[Event "Match/Team URS-World 20,5-19,5"]
[Site "Belgrade"]
[Date "1970.04.04"]
[Round "4.7"]
[White "Uhlmann, Wolfgang"]
[Black "Taimanov, Mark E"]
[Result "1-0"]
[ECO "A17"]
[WhiteElo "2570"]
[BlackElo "2600"]
[Annotator "Uhlmann/Taimanov"]
[PlyCount "92"]
[EventDate "1970.03.29"]
[EventType "team"]
[EventRounds "4"]
[EventCountry "YUG"]
[SourceTitle "MCL"]
[Source "ChessBase"]
[SourceDate "1999.07.01"]
[SourceVersion "1"]
[SourceVersionDate "1999.07.01"]
[SourceQuality "1"]
[WhiteTeam "World"]
[BlackTeam "Soviet Union"]
[BlackTeamCountry "URS"]
[TimeControl "40/9000:16/5400:0"]

1. Nf3 Nf6 2. c4 e6 3. Nc3 Bb4 4. g3 O-O 5. Bg2 d5 6. a3 Be7 (6... Bxc3 7. bxc3
$14 {Uhlmann=:U}) 7. d4 c6 $146 (7... Nbd7 8. b3 c6 9. O-O b6 10. Bb2 Ba6 11.
Nd2 Rc8 12. Re1 c5 13. dxc5 Nxc5 14. cxd5 exd5 15. b4 d4 16. Nce4 Nfxe4 17.
Nxe4 Nxe4 18. Bxe4 Bf6 19. Qa4 Bc4 20. Rad1 Qe7 21. Bf5 b5 22. Qc2 Be6 23. Qd3
Bxf5 24. Qxf5 Qb7 25. Bxd4 Bxd4 26. Rxd4 Rc3 27. Rd7 Qb6 28. Red1 Rxa3 29. R1d6
Qb8 30. Qd5 Rc3 31. Rb7 Qc8 32. Rdd7 Rc1+ 33. Kg2 Qc6 34. Qxc6 Rxc6 35. Rxb5 a6
36. Rbb7 g6 37. f4 {Szabo,L-Toth,B Budapest 1967 1-0}) 8. O-O Nbd7 {P 9... dc
Taimanov=:T} 9. Qd3 (9. b3 $142 b6 10. Bb2 Ba6 11. Ne5 $1 Nxe5 (11... Qc7 12.
Rc1 $16) 12. dxe5 Nd7 13. cxd5 cxd5 14. f4 $16 {U}) 9... a5 10. Bf4 (10. e4
dxe4 11. Nxe4 a4 {T}) 10... b6 11. cxd5 Ba6 $1 {T} (11... cxd5 12. Nb5 {T}) 12.
Qb1 cxd5 (12... Nxd5 13. Rc1 {U}) 13. Re1 $2 {U/T} (13. Rc1 $142 {U/T}) 13...
Rc8 14. Rc1 b5 $36 (14... Nh5 15. Bd2 f5 {T}) 15. b4 Qb6 (15... Nb6 16. bxa5 (
16. Nxb5 $1 Bxb5 17. bxa5) 16... Nc4 17. Nxb5 Qxa5 18. a4 Ne4 {T}) (15... a4
16. Ne1 {P d3-c5 T}) 16. Bf1 (16. bxa5 Qxa5 17. Bd2 {T}) 16... a4 (16... axb4
17. axb4 Rc4 18. Na2 Ne4 19. Be3 $15 {U}) 17. Qd3 Rc6 $2 (17... Rc4 {U/T}) 18.
Ne5 Nxe5 (18... Rcc8 $142 {U}) 19. dxe5 Ng4 (19... Nd7 20. e4 d4 21. Nxa4 $1
bxa4 22. Rxc6 Qxc6 (22... Bxd3 23. Rxb6 Bxf1 24. Rb7 $18 {T}) 23. Qxa6 $16 {U})
20. Qf3 f5 (20... Nh6 $142 {U}) 21. h3 g5 (21... Nh6 22. Be3 {P 23. d5! T} (22.
Bxh6 gxh6)) 22. hxg4 gxf4 23. Qxf4 (23. gxf5 Rxf5 24. Bh3 $1 {U}) 23... d4 (
23... Rc4 24. Qh6 (24. Nxd5 exd5 25. Rxc4 dxc4 26. gxf5 Bb7 $13 {U}) 24... Rxg4
$2 (24... fxg4 25. e3 $16) 25. Nxd5 Rxg3+ 26. Bg2 Rxg2+ 27. Kxg2 Bb7 28. e4 $1
$18 {U/T}) (23... Rfc8 24. gxf5 Rxc3 25. Rxc3 Rxc3 26. f6 $18 {T}) (23... fxg4
24. Qxg4+ Kh8 25. e3 Qc7 26. Qd4 $16 {T}) 24. Nd1 fxg4 25. Rxc6 Qxc6 26. Rc1 $1
{T} Qd7 (26... Qd5 27. Bg2 $1 {U}) 27. Qxg4+ Kh8 28. Bg2 Bc8 (28... d3 29. exd3
Qxd3 30. Qxe6 Bg5 31. Ra1 Bc8 32. Qd6 $18 {U}) 29. Nb2 Rg8 30. Qh3 Bg5 31. Rc2
Qf7 32. Nd3 Bd7 33. Rc7 Rc8 34. Rxc8+ Bxc8 35. Qg4 Bh6 36. Qxd4 Bd7 37. Nc5 Be8
38. Qd8 (38. Bh3 {U}) 38... Bf8 39. Qc8 Bxc5 40. Qxc5 Kg7 41. Bc6 Bxc6 42. Qxc6
Qf5 43. Qxb5 Qb1+ 44. Kh2 Qf5 45. Qd7+ Kh6 46. Qd4 Kg7 1-0